AoeStats
← OmarGutieG

Oasis

509144732Analyzed
2v2 RM · 6d ago on Sep 25, 2026· 47m 52s· 4 players
Game mode
Random Map
Map size
Medium (4 player)
Population
200
Speed
Normal
Resources
Standard
Victory
Conquest
Starting age
Dark Age
Ending age
Imperial Age
RankedLock teamsTeams togetherTeam positionsShared explorationLock speedFull tech treeHidden civsTurbo modeCheats
Victory
Defeat
🇰🇭 Teutons · Cambodia
1288
+19
🇩🇪 Cumans · Germany
1288
+19
🇲🇽 Magyars · Mexico
1362
-19
🇲🇽 Britons · Mexico
1350
-19
whyUniqueNames
11:37 Feudal Age
9:54 Loom
17:16 Castle Age
15:31 Double-Bit Axe
16:38 Horse Collar
20:16 Bow Saw
25:45 Scale Mail Armor
25:12 Pikeman
27:33 Chain Mail Armor
28:59 Forging
29:39 Squires
31:20 Wheelbarrow
30:31 Town Watch
32:09 Iron Casting
32:52 Fletching
33:50 Bodkin Arrow
38:09 Imperial Age
37:39 Arson
38:12 Halberdier
41:02 Ballistics
41:42 Chemistry
40:49 Siege Engineers
41:47 Blast Furnace
41:39 Plate Mail Armor
42:23 Crenellations
42:24 Ironclad
44:05 Heavy Plow
43:31 Onager
45:12 Siege Onager
Keega
8:50 Feudal Age
9:40 Double-Bit Axe
10:37 Loom
11:03 Horse Collar
18:29 Forging
18:12 Fletching
19:21 Padded Archer Armor
23:40 Castle Age
23:20 Wheelbarrow
23:47 Scale Barding Armor
24:28 Bloodlines
24:29 Forging
25:21 Bow Saw
25:13 Heavy Plow
27:44 Chain Barding Armor
28:49 Iron Casting
33:41 Hand Cart
34:26 Bodkin Arrow
34:25 Elite Skirmisher
35:04 Gold Mining
35:53 Leather Archer Armor
36:12 Ballistics
36:10 Thumb Ring
36:48 Town Watch
44:31 Imperial Age
46:17 Ring Archer Armor
46:53 Chemistry
47:07 Plate Barding Armor
47:25 Gold Shaft Mining
47:54 Two-Man Saw
47:18 Steppe Husbandry
47:41 Conscription
47:21 Cavalier
49:22 Blast Furnace
armigame1
6:42 Loom
9:21 Feudal Age
16:41 Double-Bit Axe
20:23 Castle Age
19:34 Scale Barding Armor
19:50 Bloodlines
19:25 Horse Collar
22:55 Chain Barding Armor
22:47 Gold Mining
24:57 Bow Saw
28:59 Husbandry
35:38 Wheelbarrow
42:45 Imperial Age
41:55 Town Watch
42:25 Hand Cart
45:34 Light Cavalry
45:43 Heavy Cavalry Archer
46:31 Hussar
47:03 Fletching
47:48 Plate Barding Armor
47:15 Padded Archer Armor
OmarGutieG
7:13 Loom
9:24 Feudal Age
9:53 Double-Bit Axe
12:35 Fletching
16:29 Gold Mining
21:31 Castle Age
24:08 Wheelbarrow
24:15 Horse Collar
24:47 Bow Saw
25:13 Town Watch
28:26 Bodkin Arrow
31:59 Padded Archer Armor
32:02 Crossbowman
32:18 Pikeman
35:22 Hand Cart
35:30 Town Patrol
38:02 Heavy Plow
41:32 Imperial Age
41:49 Ballistics
42:24 Yeomen
41:36 Arbalester
43:56 Conscription
Connection lost

Rejoining the realm…

Still unreachable

The connection could not be restored.

Session expired

The server has moved on; the page needs a fresh start.